[Event "Sautron op 18th"]
[Site "Sautron "]
[Date "2018.10.25"]
[Round "6.3"]
[White "Nikolov, Momchil"]
[Black "Bujisho, Benjamin"]
[Result "1-0"]
[ECO "A53"]
[WhiteElo "2555"]
[BlackElo "2333"]
[Annotator "Primel,D"]
[PlyCount "137"]
[EventDate "2018.10.20"]
[EventType "swiss"]
[EventRounds "9"]
[EventCountry "FRA"]
[SourceTitle "EXT 2021"]
[Source "ChessBase"]
[SourceDate "2020.10.23"]
[SourceVersion "1"]
[SourceVersionDate "2020.10.23"]
[SourceQuality "1"]
[TimeControl "40/5400+30:1800+30"]
[WhiteClock "0:06:52"]
[BlackClock "0:12:35"]

1. c4 d6 2. d4 e5 3. Nc3 (3. Nf3 e4) 3... exd4 4. Qxd4 Nc6 5. Qd2 Nf6 6. e4 g6 7. Bd3 (7. b3
Bg7 8. Bb2) 7... Bg7 8. Nge2 $1 {[%emt 0:00:42] Le plan des
Blancs est de jouer e4 et il faut protéger le Nc3 face à la menace tctique
Ne4} Ne5 $5 {[%emt 0:02:53] Gagne la paire de B mais le Bd3 n'est pas très bon
} (8... O-O 9. O-O Nd7 10. b3 Nc5 11. Bb2 f5 12. Bb1 Qf6 13. exf5 Bxf5 14. Ng3
Qd4 15. Qxd4 Nxd4 16. Bxf5 Nxf5 17. Rad1 Nxg3 18. hxg3 Rae8 19. Ba1 a5 20. Nb5
Bxa1 21. Rxa1 c6 22. Nd4 Rd8 23. Nc2 d5 24. cxd5 Rxd5 25. Ne3 Rd4 26. Rfd1 Rfd8
27. Rxd4 Rxd4 28. Rc1 Nd7 29. Nc4 Rd5 30. Re1 Kf7 31. f3 h5 32. Kh2 Kf6 33. f4
Nc5 34. Nxa5 Nd3 35. Rd1 Rxa5 36. Rxd3 Rxa2 37. Rd7 b5 38. Rd6+ {Harikrishna,P
(2672)-Akobian,V (2628) Wijk aan Zee 2010 1/2-1/2 (86)}) 9. O-O O-O 10. b3 Nxd3 11. Qxd3 Nd7 $5 12. Be3 Nc5 13. Qd2 f5 $1 {[%emt 0:
03:08] L'ouverture du centre doit favoriser la paire de B} 14. Rad1 $5 $146 {
[%emt 0:13:00] Après une longue réflexion, le GMI décide de tenter une
petite amélioration} (14. exf5 Bxf5 15. Nd4 Bd7 16. Bg5 Qc8 17. Nd5 Kh8 18.
Rae1 Rf7 19. Re2 Ne6 20. Nxe6 Bxe6 21. Rfe1 Bxd5 22. Qxd5 Rf5 23. Qd2 Qf8 24.
Re4 Re5 25. Rxe5 Bxe5 26. Qd5 Re8 27. g3 c6 28. Qe4 Qg7 29. Kg2 Rf8 30. f4 Bf6
31. Bxf6 Qxf6 32. Qe7 Qg7 33. Qxd6 h5 34. Re7 Rf7 35. Qb8+ Kh7 36. Rxf7 Qxf7
37. Qxa7 Qd7 38. Qe3 Qd1 39. h3 Qc2+ 40. Qf2 Qe4+ 41. Kh2 Qd3 42. g4 hxg4 43.
hxg4 Kg7 {Wiedenkeller,M (2431)-Jones,R (2373) Khanty-Mansiysk 2010 1-0}) 14...
Nxe4 15. Qd5+ Kh8 16. Nxe4 fxe4 17. Qxe4 $14 Qe8 18. Qh4 b6 19. Rfe1 Qf7 20. Bd4 Bb7 21.
Nc3 Rae8 22. f3 a6 23. Rd3 Rxe1+ 24. Qxe1 Bxd4+ 25. Rxd4 Re8 $132 26. Qd2 Qe7 27. Kf2 $5 {
[%emt 0:02:51] Les Blancs commencent à défendre} Qe5 28. h4 Rf8 29. Nd5 Bxd5 (29... Rf7) 30. cxd5 a5 31. Qe3 Re8 32. Re4 Qb2+ 33. Qe2 Qxe2+ $6 {[%emt 0:00:14] La finale de R est un
peu meilleure pour les Blancs à cause de la faiblesse "c7"} 34. Rxe2 $16 Rf8 (34... Rxe2+ $6 35. Kxe2 Kg7 36. Ke3 Kf6
37. Kd4 Kf5 38. g3 $16) 35. g4 Rf7 36. Kg3 Kg7 37. f4 (37. Re6) 37... h5
$1 {[%emt 0:00:31][%cal Gf7f5,Gf5d5] Le coup clé qui va résoudre une partie
des problèmes des Noirs en obtenant l'accès à la case "f5"} 38. g5 Rf5 $1 39. Rd2 (39. Re7+ Kf8 40. Rxc7
Rxd5 $132) 39... Kf8 (39... Kf7 40. Rc2 Rxd5 41.
Rxc7+ {Avec prise sur échec}) 40. Kf3 Ke7 41. Re2+ Kf7 (41... Kd7 42. Re6 Rxd5 43. Rxg6 ) 42. Rc2 $6 {[%emt 0:03:37] Perd l'avantage d'espace et Ke4
semblait permettre de progresser} (42. Ke4 $1 Ke7 (42... c5 $5 43. dxc6 Rc5 44.
Kd4 Rxc6 45. Kd5 ) 43. Rc2 Kd7 44. a3
Kd8 (44... b5 45. Rc6 ) 45. b4 axb4 46. axb4 Kd7 47. b5 Kd8 48.
Ra2 Kd7 49. Ra8 $18 ) 42... Rxd5 43. Rxc7+ Kf8 44. Rc6 b5 45. Ra6 b4 46. Ke4 Rd1 47. Rxa5 Re1+ 48. Kd5 Rf1 49. Ra8+ (49. Ke6 Rxf4
50. Ra8+ Kg7 51. Ra7+ Kf8) 49... Kf7 50. Ra7+ Kf8 51. Rc7 $1 Rxf4 52. Rc4 Rf2 53. Kxd6 Rxa2 54. Rxb4 {[%emt 0:00:06][%csl Gd6,Rf8,Rg6][%cal Gd6f6] Les Blancs
gardent des petites chances car le K Noir est mal placé} Ra6+ 55. Kc7 {[%emt 0:00:33] Joué quasiment à tempo alors que Ke5 semblait
laisser moins de contre-jeu aux Noirs} (55. Ke5 $5 Kg7 56. Rb7+ Kg8 57. b4 $16
{[%csl Gb7,Rg8][%cal Ge5c5,Gc5b5] Par rapport à la partie, le K Noir reste
bloqué en 08ème rangée} Ra1 58. b5 Rh1 59. Kf6 Rxh4 60. Kxg6 $40 ) 55... Ra7+ 56. Kb6 {[%emt 0:00:58] Les
Blancs ont progressé et ils vont pouvoir pousser le P passé} Ra3 57. Rf4+ Ke7 $1 58. b4 Ke6 59. b5 Ke5 60. Rb4 $1 Kd5 61.
Kb7 Kc5 62. Rb1 Ra4 63. b6 Rxh4 64. Kc8 Rf4 65. b7 Rf8+ 66.
Kd7 Kd5 67. b8=Q Rxb8 68. Rxb8 Ke5 69. Rf8 {
[%emt 0:00:23] Et 1-0 au lieu de 0,5 sauvegardé par le plateau DGT} 1-0